 Dungeon Sprint DCSS version 0.24-a0-249-g2af7e83 (webtiles) character file.

Game seed: 12717814479054067308

38077 Krakonus1 the Conqueror (level 14, -2/198 HPs)
             Began as an Ogre Berserker on Apr 13, 2019.
             Was a High Priest of Trog.
             Slain by a spark wasp (7 damage)
             ... while paralysed by a vampire knight
             ... in the Dungeon (Sprint IX: "|||||||||||||||||||||||||||||").
             The game lasted 00:30:07 (6115 turns).

Krakonus1 the Conqueror (Ogre Berserker)            Turns: 6115, Time: 00:30:08

Health: -2/198     AC: 15    Str: 26    XL:     14   Next: 0%
Magic:  14/14      EV:  1    Int:  8    God:    Trog [*****.]
Gold:   1796       SH:  0    Dex: 13    Spells: 13/13 levels left

rFire    + + +     SeeInvis +   H - +5 giant club of the Sun {crush, MR+}
rCold    . . .     Gourm    +   (shield currently unavailable)
rNeg     . . .     Faith    .   F - +3 fire dragon scales
rPois    .         Spirit   .   E - +0 hat
rElec    .         Reflect  .   c - +2 cloak
rCorr    .         Harm     .   (gloves unavailable)
MR       ++...     Rnd*Rage +   (boots unavailable) Stlth +.........NoTele +
                                s - amulet of the gourmand
HPRegen  0.43/turn              B - ring of see invisible
MPRegen  0.14/turn              C - ring of protection from cold

@: paralysed, agile, berserk cooldown, very slightly contaminated, hasted and
slowed
A: large, unfitting armour, berserk 1, fire resistance 1, tough skin 1, weak 1
a: Berserk, Trog's Hand, Brothers in Arms, Renounce Religion


You were in the Dungeon.
You worshipped Trog.
Trog was extremely pleased with you.
You were full.

You visited 1 branch You collected 1926 gold pieces.
You spent 130 gold pieces at shops.

Inventory:

Hand Weapons
 n - a +2 dire flail of protection
 A - a +0 giant club
 D - a +1 giant spiked club
 H - the +5 giant club of the Sun (weapon) {crush, MR+}
   (Trog gifted it to you in the Dungeon)

   It inflicts extra damage upon your enemies.
   It affects your resistance to hostile enchantments.
 I - a +2 morningstar of holy wrath
 J - a +4 great mace of protection
Missiles
 t - 37 stones (quivered)
 K - 7 tomahawks
Armour
 c - a +2 cloak (worn)
 e - a +2 robe of magic resistance
 E - a +0 hat (worn)
 F - +3 fire dragon scales (worn)
Jewellery
 f - an uncursed ring of fire
 p - a +3 ring of intelligence
 q - a +3 ring of intelligence
 s - an amulet of the gourmand (around neck)
 x - an uncursed ring of fire
 B - a ring of see invisible (left hand)
 C - a ring of protection from cold (right hand)
Wands
 b - a wand of acid (4)
 m - a wand of iceblast (10)
Scrolls
 i - a scroll of blinking
 l - 5 scrolls of remove curse
 v - 4 scrolls of enchant weapon
 w - 2 scrolls of fog
 y - a scroll of fear
Potions
 d - 3 potions of curing
 g - 4 potions of magic
 h - 2 potions of berserk rage
 j - 2 potions of brilliance
Comestibles
 z - 11 rations


   Skills:
 O Level 27 Fighting
 * Level 23.9 Maces & Flails
 - Level 2.6 Dodging


You had 13 spell levels left.
You didn't know any spells.
Your spell library was empty.

Dungeon Overview and Level Annotations

Branches:
Dungeon (1/1)

Altars:
Cheibriados
Dithmenos
Elyvilon
Fedhas
Gozag
Hepliaklqana
Kikubaaqudgha
Makhleb
Nemelex Xobeh
Okawaru
Qazlal
Ru
Sif Muna
Trog
Uskayaw
Vehumet
Wu Jian
Xom
Yredelemnul
Zin
The Shining One
Beogh
Jiyva
Lugonu

Shops:
D *%(:


Innate Abilities, Weirdness & Mutations

You are too large for most types of armour.
You have tough skin. (AC +1)
You tend to lose your temper in combat.
Your flesh is heat resistant. (rF+)
You are weak. (Str -2)


Message History

* * * LOW HITPOINT WARNING * * *
You feel much better.
The vampire knight points at you and mumbles some strange words.
You resist with almost no effort. The spark wasp stings you!
The spark wasp shocks you!
* * * LOW HITPOINT WARNING * * *
The vampire knight gestures at you while chanting.
You suddenly lose the ability to move!
The spark wasp stings you!
* * * LOW HITPOINT WARNING * * *
The spark wasp shocks you!
* * * LOW HITPOINT WARNING * * *
The vampire knight hits you but does no damage.
The vampire knight bites you but does no damage.
The spark wasp stings you!
* * * LOW HITPOINT WARNING * * *
The spark wasp shocks you!
* * * LOW HITPOINT WARNING * * *
The spark wasp stings you!
You die...

▓.▓.▓.▓.▓.▓.▓)▓.▓.
▓.▓.▓.▓.▓[▓.▓)▓.▓.
▓.▓.▓.▓.▓[▓.▓)▓.▓.
▓p▓.▓.▓.▓[▓.▓)▓.▓.
▓C▓.▓)▓.▓[▓.▓)▓.▓.
▓p▓.▓'▓.▓[▓.▓.▓.▓.
▓D▓.♣)♣.▓[▓.▓.▓.▓.
▓y▓.♣.♣.▓.▓.▓.▓.▓.
▓@▓.♣.♣.▓)▓.▓.▓.▓.
▓V▓.♣.♣.▓)▓.▓.▓.▓'
▓)▓.♣†♣.▓)▓.▓)▓.▓.
▓(▓.♣.♣.▓)▓.▓)▓.▓.
▓)▓.♣.♣.▓.▓.▓)▓.▓.
▓)▓.♣÷♣.▓)▓.▓)▓.▓.
▓(▓.♣÷♣.▓)▓.▓)▓.▓.
▓.▓.♣'♣.▓)▓.▓)▓.▓.
▓.▓.▓)▓.▓.▓.▓)▓.▓.


You could see a fire dragon, a vampire knight, an ettin, a spark wasp, a hell
knight and a necromancer (invisible).

Vanquished Creatures
  A tentacled monstrosity (D)
  Gastronok (D)
  A ghost moth (D)
  An emperor scorpion (D)
  A stone giant (D)
  2 vampire knights (D)
  4 ettins (D)
  A fire dragon (D)
  A naga warrior (D)
  2 hydras (D)
  A rakshasa (D)
  A ghost crab (D)
  Erica (D)
  2 centaur warriors (D)
  2 tengu warriors (D)
  A deep troll earth mage (D)
  2 shock serpents (D)
  A sea snake (D)
  An unseen horror (D)
  3 orc knights (D)
  An ugly thing (D)
  A harpy (D)
  3 wolf spiders (D)
  A mana viper (D)
  Maurice (D)
  A black mamba (D)
  A water nymph (D)
  A merfolk siren (D)
  A naga mage (D)
  2 spiny frogs (D)
  A demonic crawler (D)
  A jumping spider (D)
  A merfolk (D)
  A tyrant leech (D)
  A hornet (shapeshifter) (D)
  A bog body (D)
  A snapping turtle (D)
  2 blink frogs (D)
  2 hippogriffs (D)
  A shadow (D)
  A tarantella (D)
  A vampire mosquito (D)
  A naga (D)
  3 water moccasins (D)
  A porcupine (D)
  A swamp drake (D)
  A black bear (D)
  2 ice beasts (D)
  8 orc warriors (D)
  A crocodile (D)
  3 bullfrogs (D)
  A crimson imp (D)
  An orc priest (D)
  A jelly (D)
  6 orc wizards (D)
  2 worker ants (D)
  2 adders (D)
  An adder zombie (D)
  3 adder skeletons (D)
  2 dart slugs (D)
  A leopard gecko (D)
  3 orcs (D)
  A ball python (D)
  A giant cockroach (D)
  A goblin (D)
  A hobgoblin (D)
  A quokka (D)
106 creatures vanquished.

Vanquished Creatures (collateral kills)
  A stone giant (D)
  Snorg (D)
  An ettin (D)
  A merfolk impaler (D)
  A yaktaur captain (D)
  Erolcha (D)
  An anaconda (D)
  An alligator (D)
  A naga sharpshooter (D)
  A sea snake (D)
  10 orc knights (D)
  An orb spider (D)
  Psyche (D)
  A black mamba (D)
  A spiny frog (D)
  A tyrant leech (D)
  A slime creature (D)
  2 blink frogs (D)
  A steam dragon (D)
  3 vampire mosquitoes (D)
  2 water moccasins (D)
  A porcupine (D)
  A black bear (D)
  7 orc warriors (D)
  A bullfrog (D)
  An orc priest (D)
  An orc (D)
46 creatures vanquished.

Vanquished Creatures (others)
  A deep troll shaman (D)
  A spatial maelstrom (D)
  A spriggan druid (D)
  A swamp drake (D)
4 creatures vanquished.

Grand Total: 156 creatures vanquished

Notes
Turn   | Place    | Note
-------+----------+-------------------------------------------
     0 | D        | Krakonus1 the Ogre Berserker began the quest for the Orb.
     0 | D        | Reached XP level 1. HP: 24/24 MP: 1/1
     0 | D        | Banished a spatial maelstrom
     4 | D        | Reached skill level 5 in Fighting
    13 | D        | Reached ** piety under Trog
    16 | D        | Reached skill level 6 in Fighting
    17 | D        | Reached XP level 2. HP: 17/37 MP: 2/2
   182 | D        | Reached skill level 9 in Fighting
   182 | D        | Reached XP level 3. HP: 50/50 MP: 3/3
   184 | D        | Reached *** piety under Trog
   186 | D        | Reached skill level 10 in Fighting
   206 | D        | Found a roughly hewn altar of Beogh.
   206 | D        | Found a snail-covered altar of Cheibriados.
   206 | D        | Found a shadowy altar of Dithmenos.
   206 | D        | Found a white marble altar of Elyvilon.
   206 | D        | Found a blossoming altar of Fedhas.
   206 | D        | Found an opulent altar of Gozag.
   207 | D        | Found a hazy altar of Hepliaklqana.
   208 | D        | Found a viscous altar of Jiyva.
   209 | D        | Found an ancient bone altar of Kikubaaqudgha.
   210 | D        | Found a corrupted altar of Lugonu.
   211 | D        | Found a burning altar of Makhleb.
   212 | D        | Found a sparkling altar of Nemelex Xobeh.
   213 | D        | Found an iron altar of Okawaru.
   214 | D        | Found a stormy altar of Qazlal.
   215 | D        | Found a sacrificial altar of Ru.
   216 | D        | Found a deep blue altar of Sif Muna.
   217 | D        | Found a bloodstained altar of Trog.
   218 | D        | Found a hide-covered altar of Uskayaw.
   219 | D        | Found a radiant altar of Vehumet.
   220 | D        | Found an ornate altar of the Wu Jian Council.
   221 | D        | Found a shimmering altar of Xom.
   222 | D        | Found a basalt altar of Yredelemnul.
   223 | D        | Found a glowing silver altar of Zin.
   224 | D        | Found a glowing golden altar of the Shining One.
   260 | D        | Noticed a black bear
   260 | D        | Noticed an ice beast
   263 | D        | Reached **** piety under Trog
   267 | D        | Killed an ice beast
   267 | D        | Reached skill level 13 in Fighting
   267 | D        | Reached XP level 4. HP: 68/68 MP: 4/4
   267 | D        | Reached XP level 5. HP: 76/76 MP: 5/5
   268 | D        | Reached skill level 14 in Fighting
   289 | D        | Killed a black bear
   289 | D        | Reached ***** piety under Trog
   289 | D        | Reached skill level 16 in Fighting
   289 | D        | Reached XP level 6. HP: 56/92 MP: 6/6
   475 | D        | Noticed a shadow
   475 | D        | Noticed an ice beast
   475 | D        | Noticed a vampire mosquito
   475 | D        | Noticed a brown ugly thing
   484 | D        | Killed a brown ugly thing
   484 | D        | Reached skill level 19 in Fighting
   484 | D        | Reached XP level 7. HP: 84/109 MP: 7/7
   492 | D        | Killed a vampire mosquito
   492 | D        | Reached skill level 20 in Fighting
   492 | D        | Reached XP level 8. HP: 70/120 MP: 8/8
   511 | D        | Received a gift from Trog
   517 | D        | Killed a shadow
   999 | D        | Gained mutation: You tend to lose your temper in combat.
                  | [potion of mutation]
   999 | D        | Gained mutation: You are weak. (Str -2) [potion of
                  | mutation]
   999 | D        | Gained mutation: Your mind is acute. (Int +2) [potion of
                  | mutation]
  1000 | D        | Noticed a black mamba
  1000 | D        | Noticed a spiny frog
  1001 | D        | Noticed a spiny frog
  1004 | D        | Killed a spiny frog
  1004 | D        | Reached skill level 21 in Fighting
  1008 | D        | Noticed a hippogriff
  1013 | D        | Killed a black mamba
  1013 | D        | Reached skill level 22 in Fighting
  1013 | D        | Reached XP level 9. HP: 109/136 MP: 9/9
  1026 | D        | Reached skill level 23 in Fighting
  1422 | D        | Killed a spiny frog
  1432 | D        | Reached skill level 24 in Fighting
  1779 | D        | Noticed a spiny frog
  1783 | D        | Received a gift from Trog
  1785 | D        | Noticed an eight-headed hydra
  1789 | D        | Killed a spiny frog
  1794 | D        | Killed a nine-headed hydra
  1794 | D        | Reached skill level 25 in Fighting
  1794 | D        | Reached XP level 10. HP: 154/154 MP: 10/10
  1801 | D        | Reached ****** piety under Trog
  2035 | D        | Received a gift from Trog
  2035 | D        | Reached skill level 26 in Fighting
  2237 | D        | Noticed Erolcha
  2243 | D        | Killed Erolcha
  2253 | D        | Noticed Psyche
  2256 | D        | Killed Psyche
  2256 | D        | Received a gift from Trog
  2256 | D        | Reached skill level 27 in Fighting
  2299 | D        | Noticed Gastronok
  2314 | D        | Killed Gastronok
  2314 | D        | Reached XP level 11. HP: 148/169 MP: 11/11
  2387 | D        | Received a gift from Trog
  2403 | D        | Received a gift from Trog
  2468 | D        | Got an ichor-stained quarterstaff {god gift}
  2474 | D        | Identified the +1 quarterstaff of Fury {crush, Str+2 Dex+3}
                  | (Trog gifted it to you in the Dungeon)
  2670 | D        | Noticed an orc knight
  2675 | D        | Noticed an orc knight
  2678 | D        | Noticed an orc knight
  2678 | D        | Killed an orc knight
  2678 | D        | Reached skill level 10 in Maces & Flails
  2681 | D        | Killed an orc knight
  2682 | D        | Noticed an orc knight
  2685 | D        | Killed an orc knight
  2687 | D        | Killed an orc knight
  2837 | D        | Found Kiqat's Book Boutique.
  2837 | D        | Noticed an orc knight
  2837 | D        | Noticed an orc knight
  2837 | D        | Noticed an orc knight
  2850 | D        | Killed an orc knight
  2850 | D        | Received a gift from Trog
  2856 | D        | Killed an orc knight
  2866 | D        | Killed an orc knight
  2881 | D        | Received a gift from Trog
  2882 | D        | Found Furu Qor's Weapon Shop.
  2886 | D        | Found Bagiwam's Food Boutique.
  2889 | D        | Found Fiwk's General Store.
  2890 | D        | Noticed an orc knight
  2892 | D        | Noticed an orc knight
  2896 | D        | Noticed an orc knight
  2897 | D        | Noticed an orc knight
  2900 | D        | Killed an orc knight
  2902 | D        | Noticed an orc knight
  2907 | D        | Killed an orc knight
  2909 | D        | Killed an orc knight
  2923 | D        | Killed an orc knight
  2933 | D        | Killed an orc knight
  3062 | D        | Bought a potion of haste for 130 gold pieces
  3361 | D        | Noticed Maurice
  3374 | D        | Killed Maurice
  3687 | D        | Noticed Erica
  3694 | D        | Killed Erica
  3863 | D        | Lost mutation: You are weak. (Str -2) [potion of mutation]
  3863 | D        | Lost mutation: Your mind is acute. (Int +2) [potion of
                  | mutation]
  3863 | D        | Gained mutation: You are weak. (Str -2) [potion of
                  | mutation]
  3863 | D        | Gained mutation: Your flesh is heat resistant. (rF+)
                  | [potion of mutation]
  3874 | D        | Noticed a centaur warrior
  3877 | D        | Noticed an orb spider
  3877 | D        | a jumping spider changed into an orb spider
  3879 | D        | Noticed an orc knight
  3881 | D        | Noticed an ettin
  3887 | D        | Noticed a vampire knight
  3889 | D        | Noticed a tengu warrior
  3890 | D        | Noticed an ettin
  3892 | D        | Killed a centaur warrior
  3892 | D        | Reached skill level 15 in Maces & Flails
  3898 | D        | Noticed a centaur warrior
  4128 | D        | Killed an unseen horror
  4128 | D        | Reached XP level 12. HP: 179/179 MP: 12/12
  4139 | D        | Killed a vampire knight
  4141 | D        | Killed an ettin
  4146 | D        | Killed a tengu warrior
  4152 | D        | Killed an ettin
  4153 | D        | Noticed an ettin
  4257 | D        | Killed a centaur warrior
  4257 | D        | Received a gift from Trog
  4437 | D        | Noticed a rakshasa
  4443 | D        | Killed an ettin
  4451 | D        | Killed a rakshasa
  4789 | D        | Noticed an alligator
  4801 | D        | Killed an alligator
  4806 | D        | Noticed a ghost crab
  4813 | D        | Received a gift from Trog
  4820 | D        | Killed a ghost crab
  4875 | D        | Noticed a merfolk impaler
  4883 | D        | Killed a merfolk impaler
  4906 | D        | Reached XP level 13. HP: 167/188 MP: 13/13
  4919 | D        | Reached skill level 20 in Maces & Flails
  4933 | D        | Krakonus1: Where the hell did that thing come from
  5171 | D        | Noticed an emperor scorpion
  5183 | D        | Killed an emperor scorpion
  5186 | D        | Received a gift from Trog
  5199 | D        | Killed a ghost moth
  5207 | D        | Got a twisted giant club {god gift}
  5509 | D        | Received a gift from Trog
  5678 | D        | Identified the +5 giant club of the Sun {crush, MR+} (Trog
                  | gifted it to you in the Dungeon)
  5969 | D        | Noticed Snorg
  5974 | D        | Killed Snorg
  5974 | D        | Received a gift from Trog
  6054 | D        | Noticed an ettin
  6054 | D        | Noticed a fire dragon
  6054 | D        | Noticed a stone giant
  6054 | D        | Noticed an ettin
  6059 | D        | Killed a stone giant
  6061 | D        | Killed an ettin
  6067 | D        | Noticed a tentacled monstrosity
  6073 | D        | Killed a fire dragon
  6074 | D        | Noticed a stone giant
  6077 | D        | Killed an ettin
  6078 | D        | Received a gift from Trog
  6084 | D        | Killed a tentacled monstrosity
  6085 | D        | Noticed a vampire knight
  6086 | D        | Noticed a yaktaur captain
  6087 | D        | Noticed a spark wasp
  6087 | D        | Noticed a vampire knight
  6091 | D        | Killed a stone giant
  6092 | D        | Noticed a fire dragon
  6095 | D        | Killed a vampire knight
  6098 | D        | Noticed an ettin
  6104 | D        | Killed a yaktaur captain
  6104 | D        | Reached XP level 14. HP: 137/198 MP: 14/14
  6113 | D        | Paralysed by a vampire knight for 7 turns
  6114 | D        | HP: 18/198 [spark wasp (7)]
  6114 | D        | HP: 5/198 [spark wasp (13)]
  6115 | D        | Slain by a spark wasp

Levels and vault maps discovered:
D:        linesprint [early_d, line_temple, items_1, d_10, items_2, lair_1,
          lair_end, items_3, orc_1, orc_end, items_4, d_15, swamp_1, shoals_1,
          snake_1, spider_1, d_20, vaults_1, items_5, swamp_end, shoals_end,
          snake_end, spider_end, vaults_end, d_27, items_6, zot_1, zot_end,
          crypt_end, forest_end, elf_end, slime_end, tomb_end, abyss_end,
          pan_hell_end]

Skill      XL: |  1  2  3  4  5  6  7  8  9 10 11 12 13 |
---------------+----------------------------------------+-----
Fighting       | 6 9 13 16 19 20 22 25 27 | 27.0
Maces & Flails | 8 15 19 23 | 23.9
Dodging        | |  2.6

Action                   |  1- 3 |  4- 6 |  7- 9 | 10-12 | 13-15 || total
-------------------------+-------+-------+-------+-------+-------++-------
Melee: Mace              |    21 |       |       |       |       ||    21
       Dire flail        |     6 |    29 |    76 |   102 |       ||   213
       Great mace        |       |       |       |    98 |    50 ||   148
       Giant club        |       |       |       |       |    38 ||    38
Invok: Berserk           |     2 |     1 |     2 |     8 |     4 ||    17
       Brothers in Arms  |       |       |     1 |    14 |     7 ||    22
  Use: Potion            |       |     1 |     7 |     1 |     8 ||    17
       Scroll            |       |       |     2 |     1 |     2 ||     5
 Stab: Invisible         |       |       |       |       |     3 ||     3
  Eat: Chunk             |       |     1 |     1 |    30 |     8 ||    40
       Ration            |       |       |     1 |       |       ||     1
Armor: Animal skin       |     4 |     7 |    31 |     7 |       ||    49
       Fire dragon scale |       |       |       |    46 |    61 ||   107
       Robe              |       |       |       |    16 |       ||    16
Dodge: Dodged            |     6 |    17 |    41 |    78 |    33 ||   175

Table legend:
 A = Non-vault XP
 B = Vault XP
 C = Vault XP percentage of total XP
 D = Non-vault monster count
 E = Vault monster count
 F = Vault count percentage of total count
                 A         B        C        D         E       F
            +---------+---------+-------+---------+---------+-------
      Total |       0 |   54396 | 100.0 |       0 |     153 | 100.0
            +---------+---------+-------+---------+---------+-------
          D |       0 |   54396 | 100.0 |       0 |     153 | 100.0
            +---------+---------+-------+---------+---------+-------
